 Dungeon Crawl Stone Soup version 0.29.1 (webtiles) character file.

Game seed: 5036652952033994980

42 groovy9 the Shooter (level 3, 0/21 HPs)
             Began as a Gargoyle Hunter on Sept 14, 2022.
             Killed by nerve-wracking pain
             ... invoked by Grinder
              (5 damage)
             ... on level 3 of the Dungeon.
             The game lasted 00:03:40 (1585 turns).

groovy9 the Shooter (Gargoyle Hunter)               Turns: 1585, Time: 00:03:40

Health: 0/21       AC:  8    Str: 14    XL:     3   Next: 54%
Magic:  3/3        EV: 11    Int:  9    God:
Gold:   1136       SH:  5    Dex: 15    Spells: 2/2 levels left

rFire   . . .      SeeInvis .   a - +0 shortbow
rCold   . . .      Faith    .   (shield currently unavailable)
rNeg    + . .      Spirit   .   c - +0 leather armour
rPois   ∞          Reflect  +   (no helmet)
rElec   +          Harm     .   h - +1 cloak
rCorr   .          Rampage  .   (no gloves)
Will    .....                   (no boots)
Stlth   ++........              f - amulet of reflection
HPRegen 0.07/turn               (no ring)
MPRegen 0.08/turn               (no ring)

@: no status effects
A: sickness immunity, AC +3, negative energy resistance 1, electricity
resistance, torment resistance 1, petrification resistance
a: no special abilities


You were on level 3 of the Dungeon.
You visited 1 branch of the dungeon, and saw 3 of its levels.

You collected 1136 gold pieces.

Inventory:

Hand Weapons
 a - a +0 shortbow (weapon)
Missiles
 l - 6 poisoned darts
Armour
 c - a +0 leather armour (worn)
 h - a +1 cloak (worn)
Jewellery
 f - an amulet of reflection (around neck)
Scrolls
 b - a scroll of immolation
 d - a scroll of amnesia
 g - 2 scrolls of magic mapping
Potions
 e - a potion of attraction {unknown}
 i - a potion of mutation {unknown}
 j - a potion of brilliance {unknown}
 k - 2 potions of heal wounds {unknown}


   Skills:
 - Level 2.1 Fighting
 + Level 5.2 Ranged Weapons
 - Level 1.5 Dodging
 - Level 1.1 Stealth


You had 2 spell levels left.
You didn't know any spells.
Your spell library contained the following spells:

 Spells                   Type           Power      Damage    Failure   Level
 Summon Forest            Summ/Tloc      0%         N/A       100%        5
 Summon Mana Viper        Hex/Summ       0%         N/A       100%        5
 Summon Cactus Giant      Summ           0%         N/A       100%        6


Dungeon Overview and Level Annotations

Branches:
Dungeon (3/15)

Altars:

Annotations:
D:3 Grinder


Innate Abilities, Weirdness & Mutations

You are immune to sickness and miasma.
Your stone body is resilient. (AC +3)
You are immune to poison.
You resist negative energy. (rN+)
You are resistant to electric shocks. (rElec)
You are resistant to unholy torment.
You are immune to petrification.


Message History

Fire: a) +0 shortbow
Press: ? - help, Q - select action, (/) - cycle Shift-Dir - straight line, f/p - Grinder
Aim: Grinder, carrying a wand of flame (20) (almost dead, 58% to hit)
You shoot an arrow. The arrow closely misses Grinder.
Grinder blinks!
Fire: a) +0 shortbow
Press: ? - help, Q - select action, (/) - cycle Shift-Dir - straight line, f/p - Grinder
Aim: Grinder, carrying a wand of flame (20) (almost dead, 58% to hit)
You shoot an arrow. The arrow closely misses Grinder.
Grinder gestures at you. You resist with significant effort.
Fire: a) +0 shortbow
Press: ? - help, Q - select action, (/) - cycle Shift-Dir - straight line, f/p - Grinder
Aim: Grinder, carrying a wand of flame (20) (almost dead, 58% to hit)
You shoot an arrow. The arrow barely misses Grinder.
Fire: a) +0 shortbow
Press: ? - help, Q - select action, (/) - cycle Shift-Dir - straight line, f/p - Grinder
Aim: Grinder, carrying a wand of flame (20) (almost dead, 58% to hit)
You shoot an arrow. The arrow hits Grinder.
Grinder is almost dead.
Grinder hits you.
You writhe in agony.
* * * LOW HITPOINT WARNING * * *
Grinder blinks!
Fire: a) +0 shortbow
Press: ? - help, Q - select action, (/) - cycle Shift-Dir - straight line, f/p - Grinder
Aim: Grinder, carrying a wand of flame (20) (almost dead, 58% to hit)
You shoot an arrow. The arrow barely misses Grinder.
Fire: a) +0 shortbow
Press: ? - help, Q - select action, (/) - cycle Shift-Dir - straight line, f/p - Grinder
Aim: Grinder, carrying a wand of flame (20) (almost dead, 58% to hit)
You shoot an arrow. The arrow barely misses Grinder.
Fire: a) +0 shortbow
Press: ? - help, Q - select action, (/) - cycle Shift-Dir - straight line, f/p - Grinder
Aim: Grinder, carrying a wand of flame (20) (almost dead, 58% to hit)
You shoot an arrow.
The arrow hits Grinder but does no damage.
Grinder is almost dead.
Grinder gestures at you. Pain shoots through your body!
You die...

* ######### ********
#.......#****
<,,,,,,*###.#####.#,,,*******
,,,,##.##...#...#.#*,,*,,,,,*
,,,,#.......#..5@.#*,,*,,,*,*
,,,,+.....#.#.#####*,,,,,,,,* *
,,>,##...##.#........,**,,*******
,,,,#....+.<#...5.#..,,,,,,,,,,,<
,,,.....,####........,,,,,,,,****
***.#...,,,,.........,,,,,,,,*,,,
*....,,,,,...#.....,,,,,,,,,,,,
***.#..,,,,,...#.....,,,,,**,,,,,
,**,,,,,,,*#####.....,,,,,**,,,,,


You could see Grinder.

Vanquished Creatures
  An adder (D:2)
  A bat (D:1)
  7 endoplasms
  3 giant cockroaches
  4 goblins (D:1)
  4 hobgoblins
  A quokka (D:1)
  3 frilled lizards (D:1)
  2 kobolds
  3 rats (D:1)
29 creatures vanquished.

Notes
Turn   | Place    | Note
-------+----------+-------------------------------------------
     0 | D:1      | groovy9 the Gargoyle Hunter began the quest for the Orb.
     0 | D:1      | Reached XP level 1. HP: 12/12 MP: 1/1
   191 | D:1      | Reached XP level 2. HP: 17/17 MP: 2/2
   756 | D:1      | Found a faded altar of an unknown god.
   759 | D:1      | Reached XP level 3. HP: 21/21 MP: 3/3
   934 | D:2      | Identified a scroll of acquirement
   934 | D:2      | Acquired 1080 gold pieces
   997 | D:2      | Reached skill level 5 in Ranged Weapons
  1413 | D:2      | Identified the +2 robe of Lust {rF+ Dex-5 Stlth+}
  1569 | D:3      | Noticed Grinder
  1585 | D:3      | Killed from afar by Grinder

Illustrated notes

Levels and vault maps discovered:
D:1:      minmay_arrival_hallway, layout_basic,
          hellmonk_ecumenical_altar_pennies_from_heaven
D:2:      layout_rooms, grunt_ministairs_2
D:3:      minmay_general_purpose_star, layout_basic, elyvilon_altar_4,
          minmay_misc_feat_tiny, uniq_grinder, uniq_sigmund, uniq_jessica

Skill      XL: |  1  2  3 |
---------------+----------+-----
Ranged Weapons | 5 |  5.2
Fighting       | |  2.1
Dodging        | |  1.5
Stealth        | |  1.1

Action                   || total
-------------------------++-------
 Fire: Shortbow          ||    97
  Use: Scroll            ||     5
Armor: Leather armour    ||    11
Dodge: Dodged            ||    11
Block: Other             ||     4
